 Dungeon Crawl Stone Soup version 0.20.1-1-g8b1a95d (console) character file.

12872 hilaritas the Blocker (level 12, -8/116 HPs)
             Began as a Hill Orc Fighter on Nov 27, 2017.
             Was a Priest of Beogh.
             Mangled by a cyan ugly thing (10 damage)
             ... on level 11 of the Dungeon.
             The game lasted 00:31:04 (12829 turns).

hilaritas the Blocker (Hill Orc Fighter)           Turns: 12829, Time: 00:31:05

Health: -8/116     AC: 20    Str: 28    XL:     12   Next: 0%
Magic:  16/16      EV:  8    Int: 10    God:    Beogh [***...]
Gold:   600        SH: 15    Dex: 10    Spells: 9/11 levels left

rFire    + . .     SeeInvis .   o - +1 war axe (freeze)
rCold    x . .     Gourm    .   c - +1 shield
rNeg     . . .     Faith    +   H - +3 chain mail
rPois    +         Spirit   .   Q - +0 helmet
rElec    .         Reflect  .   N - +1 cloak {rPois}
rCorr    .         Harm     .   q - +0 pair of gloves
MR       .....                  C - +0 pair of boots (curse)
Stlth    ..........             M - amulet of faith
Regen    0.3/turn               D - ring of fire
MPRegen  0.2/turn               P - +4 ring of strength

@: no status effects
A: hooves 1, clever 1, robust 1
a: Smiting, Renounce Religion


You were on level 11 of the Dungeon.
You worshipped Beogh.
Beogh was most pleased with you.
You were not hungry.

You visited 2 branches of the dungeon, and saw 12 of its levels.
You also visited: Sewer and Bailey.

You collected 600 gold pieces.

Inventory:

Hand Weapons
 a - a +1 war axe
 o - a +1 war axe of freezing (weapon)
 R - a +0 scimitar of flaming
Missiles
 g - 14 tomahawks
 B - a javelin of returning (quivered)
Armour
 c - a +1 shield (worn)
 q - a +0 pair of gloves (worn)
 C - a cursed +0 pair of boots (worn)
 H - a +3 chain mail (worn)
 N - a +1 cloak of poison resistance (worn)
 Q - a +0 helmet (worn)
Jewellery
 i - an uncursed ring of poison resistance
 s - an uncursed ring of protection from magic
 v - an uncursed ring of protection from magic
 x - an uncursed ring of resist corrosion
 D - a ring of fire (left hand)
 M - an amulet of faith (around neck)
 P - a +4 ring of strength (right hand)
Wands
 t - a wand of iceblast (8/15)
 u - a wand of random effects (24/48)
 A - a wand of random effects (30/48)
 J - a wand of flame (35/48)
 L - a wand of confusion (16/48)
Scrolls
 b - a scroll of enchant weapon
 h - 5 scrolls of identify
 k - 3 scrolls of enchant armour
 n - a scroll of recharging
 z - 2 scrolls of fog
 G - 3 scrolls of blinking
 K - 3 scrolls of remove curse
Potions
 d - a potion of curing
 e - 3 potions of mutation
 m - 2 potions of flight
 r - 2 potions of magic {unknown}
 F - a potion of lignification {unknown}
 I - a potion of haste {unknown}
Miscellaneous
 j - a lightning rod (4/4)
Comestibles
 f - 10 bread rations
 l - 11 fruits
 p - 3 royal jellies
 w - 5 meat rations
 E - a chunk of flesh


   Skills:
 - Level 10.0 Fighting
 - Level 10.0 Axes
 * Level 8.8 Armour
 + Level 13.7 Shields
 * Level 6.5 Invocations


You had 9 spell levels left.
You knew the following spells:

 Your Spells              Type           Power        Failure   Level  Hunger
a - Sticks to Snakes      Tmut           #.......     97%         2    ###....


Dungeon Overview and Level Annotations

Branches:
Dungeon (11/15)            Temple (1/1) D:7            Lair (0/6) D:8
    Orc (0/2) D:9

Altars:
Dithmenos
Ru
Trog
Vehumet
The Shining One

Shops:
D:5 :


Innate Abilities, Weirdness & Mutations

You have large cloven feet.
Your mind is acute. (Int +2)
You are robust. (+10% HP)


Message History

You hit something but do no damage. You closely miss the cyan ugly thing.
Something hits you but does no damage. Something bites you but does no damage.
You block the cyan ugly thing's attack.
You feel much better.
You feel sick.
You are no longer poisoned.
Unholy energy fills the air.
* * * LOW HITPOINT WARNING * * *
You block the cyan ugly thing's attack.
You feel better. Something hits you but does no damage.
Something bites you but does no damage. The cyan ugly thing gores you.
* * * LOW HITPOINT WARNING * * *
The cyan ugly thing shocks you!
* * * LOW HITPOINT WARNING * * *
You feel better. Something hits you but does no damage.
You block something's attack. The cyan ugly thing barely misses you.
You barely miss something. You closely miss the cyan ugly thing.
Something hits you!
* * * LOW HITPOINT WARNING * * *
Something bites you but does no damage. The cyan ugly thing gores you!
You die...

### ## ... ### ## ..
# #.. ... .(#''#
#########... [#....#
#...........
#......##..........
+(.....{@(.........
+......'u##...####
#......####...#
?#....# #..)# .$#++#
#...# #
#####...##########.
...................
...................
y..................#
...................#
...................#


You could see a cyan ugly thing.

Vanquished Creatures
  Erolcha (D:10)
  3 two-headed ogres
  An ugly thing (D:11)
  Maurice (D:10)
  An efreet (D:11)
  A troll (D:10)
  Grinder (D:5)
  3 hippogriffs
  A spriggan (D:8)
  A wyvern (D:9)
  13 yaks
  2 porcupines (D:8)
  An ice beast (D:9)
  3 orc warriors
  3 sky beasts
  2 black bears
  An eye of draining (D:9)
  A phantom (D:9)
  A necrophage (D:7)
  4 ogres
  3 centaurs
  4 big kobolds
  4 bullfrogs
  9 gnoll sergeants
  8 scorpions
  A water moccasin zombie (D:10)
  8 killer bees
  6 howler monkeys
  10 crimson imps
  A bullfrog zombie (D:10)
  7 gnoll shamans
  A quasit (D:10)
  5 orc priests
  An iron imp (D:6)
  6 hounds
  6 iguanas
  A bullfrog skeleton (D:4)
  12 orc wizards
  4 worker ants
  A worker ant zombie (D:10)
  26 gnolls
  7 adders
  5 river rats
  2 shadow imps
  A white imp (D:9)
  2 adder skeletons
  2 worms
  2 dart slugs
  3 leopard geckos
  36 orcs
  2 ball pythons
  11 bats
  10 giant cockroaches
  10 goblins
  8 hobgoblins
  15 jackals
  4 quokkas
  8 frilled lizards
  A goblin zombie (D:6)
  3 hobgoblin zombies (D:6)
  28 kobolds
  2 kobold skeletons (D:6)
  2 kobold zombies (D:6)
  3 leopard gecko skeletons
  A leopard gecko zombie (D:6)
  3 orc skeletons (D:6)
  An orc zombie (D:6)
  A quokka zombie (D:8)
  12 rats
  A fungus (D:8)
  5 plants (D:8)
360 creatures vanquished.

Vanquished Creatures (others)
  A sky beast (D:8)
  An orc priest (D:8)
  4 fungi (D:8)
6 creatures vanquished.

Grand Total: 366 creatures vanquished

Notes
Turn   | Place    | Note
-------+----------+-------------------------------------------
     0 | D:1      | hilaritas the Hill Orc Fighter began the quest for the Orb.
     0 | D:1      | Reached XP level 1. HP: 19/19 MP: 1/1
   291 | D:1      | Reached XP level 2. HP: 25/27 MP: 2/2
   658 | D:1      | Reached XP level 3. HP: 30/33 MP: 3/3
  1340 | D:2      | Reached XP level 4. HP: 34/40 MP: 4/4
  1527 | D:2      | Reached skill level 5 in Axes
  1949 | D:3      | Reached skill level 4 in Shields
  2085 | D:3      | Reached XP level 5. HP: 46/46 MP: 5/5
  2154 | D:3      | Learned a level 2 spell: Sticks to Snakes
  2529 | D:3      | Found a shadowy altar of Dithmenos.
  2697 | D:4      | Found a sacrificial altar of Ru.
  2747 | D:4      | Reached XP level 6. HP: 35/53 MP: 6/6
  3917 | D:5      | Entered Level 5 of the Dungeon
  4002 | D:5      | Reached skill level 5 in Fighting
  4002 | D:5      | Reached skill level 5 in Shields
  4258 | D:5      | Found Ripsiore's Book Boutique.
  4344 | D:5      | Noticed Grinder
  4367 | D:5      | Gained mutation: You are robust. (+10% HP) [potion of mutation]
  4367 | D:5      | Gained mutation: You have large cloven feet. [potion of mutation]
  4367 | D:5      | Gained mutation: Your mind is acute. (Int +2) [potion of mutation]
  4371 | D:5      | Reached XP level 7. HP: 23/67 MP: 7/7
  4386 | D:5      | Paralysed by Grinder for 4 turns
  4398 | D:5      | Killed Grinder
  4398 | D:5      | Reached skill level 6 in Shields
  4771 | D:5      | Reached skill level 7 in Shields
  4771 | D:5      | Reached XP level 8. HP: 43/75 MP: 8/8
  5079 | D:5      | Found a bloodstained altar of Trog.
  5761 | D:6      | Found a glowing golden altar of the Shining One.
  6080 | D:6      | Found a glowing drain.
  6084 | Sewer    | Entered a sewer
  6210 | Sewer    | Found a white marble altar of Elyvilon.
  6556 | D:6      | Reached skill level 8 in Shields
  6787 | D:7      | Noticed a hippogriff
  6798 | D:7      | Killed a hippogriff
  6798 | D:7      | Reached skill level 10 in Axes
  6916 | D:7      | Reached XP level 9. HP: 80/85 MP: 9/9
  7046 | D:7      | Found a staircase to the Ecumenical Temple.
  7053 | D:7      | Found a flagged portal.
  7064 | Bailey   | Entered a bailey
  7333 | Bailey   | Reached skill level 9 in Shields
  8467 | D:7      | Found a shadowy altar of Dithmenos.
  8467 | D:7      | Found a radiant altar of Vehumet.
  8517 | Temple   | Entered the Ecumenical Temple
  8548 | D:8      | Reached skill level 10 in Shields
  8877 | D:8      | Noticed a two-headed ogre
  8887 | D:8      | Killed a two-headed ogre
  8887 | D:8      | Reached XP level 10. HP: 82/100 MP: 10/10
  8904 | D:8      | Reached skill level 11 in Shields
  9060 | D:8      | Became a worshipper of Beogh the Brigand
  9077 | D:8      | Reached skill level 1 in Invocations
  9103 | D:8      | Reached skill level 10 in Fighting
  9346 | D:8      | Found a staircase to the Lair.
  9799 | D:8      | Reached * piety under Beogh
 10211 | D:9      | Noticed a two-headed ogre
 10220 | D:9      | Killed a two-headed ogre
 10388 | D:9      | Reached skill level 5 in Armour
 10388 | D:9      | Reached skill level 12 in Shields
 10410 | D:9      | Reached XP level 11. HP: 66/108 MP: 12/14
 10848 | D:9      | Reached ** piety under Beogh
 10911 | D:9      | Reached skill level 5 in Invocations
 10983 | D:9      | Noticed a two-headed ogre
 10991 | D:9      | Killed a two-headed ogre
 11088 | D:9      | Found a staircase to the Orcish Mines.
 11461 | D:10     | Entered Level 10 of the Dungeon
 11507 | D:10     | Noticed Erolcha
 11536 | D:10     | Killed Erolcha
 11536 | D:10     | Reached skill level 13 in Shields
 11673 | D:10     | Noticed Maurice
 11708 | D:10     | Killed Maurice
 12343 | D:11     | Reached *** piety under Beogh
 12799 | D:11     | Noticed a green ugly thing
 12801 | D:11     | Noticed a green ugly thing
 12816 | D:11     | Killed a green ugly thing
 12821 | D:11     | Reached XP level 12. HP: 42/116 MP: 16/16
 12824 | D:11     | HP: 3/116 [something/vampiric draining (14)]
 12827 | D:11     | HP: 1/116 [cyan ugly thing (13)]
 12829 | D:11     | Mangled by a cyan ugly thing

Skill      XL: |  1  2  3  4  5  6  7  8  9 10 11 |
---------------+----------------------------------+-----
Axes           | 3 4 5 6 7 10 | 10.0
Fighting       | 4 5 6 9 10 | 10.0
Shields        | 4 5 7 8 10 12 13 | 13.7
Invocations    | 4 6 |  6.5
Armour         | 5 8 |  8.8

Action                   |  1- 3 |  4- 6 |  7- 9 | 10-12 || total
-------------------------+-------+-------+-------+-------++-------
Melee: War axe           |   134 |   124 |   278 |   618 ||  1154
       Club              |       |   292 |   172 |       ||   464
       Kick              |       |     1 |    95 |       ||    96
Throw: Javelin           |       |       |     1 |     5 ||     6
       Tomahawk          |       |       |       |     3 ||     3
Invok: Convert to Beogh  |       |       |       |     1 ||     1
       Smiting           |       |       |       |     2 ||     2
  Use: Scroll            |       |    10 |     3 |       ||    13
       Potion            |       |     4 |    10 |     3 ||    17
  Eat: Chunk             |     2 |     9 |    15 |    14 ||    40
       Fruit             |       |     1 |       |       ||     1
Armor: Scale mail        |    61 |    58 |       |       ||   119
       Plate armour      |       |   198 |   240 |       ||   438
       Chain mail        |       |       |    23 |   283 ||   306
Dodge: Dodged            |    65 |    79 |    79 |   126 ||   349
Block: Shield            |    67 |   224 |   331 |   419 ||  1041
